 Dungeon Crawl Stone Soup version 0.20.1-1-g8b1a95d (webtiles) character file.

20325 Monsterracer the Fighter (level 12, 0/80 HPs)
             Began as a Gargoyle Artificer on Sept 11, 2017.
             Was an Elder of Zin.
             Slain by a frost giant
             ... wielding a +2 battleaxe of freezing
              (2 damage)
             ... in an ice cave.
             The game lasted 00:30:22 (14727 turns).

Monsterracer the Fighter (Gargoyle Artificer)      Turns: 14727, Time: 00:30:22

Health: 0/80       AC: 23    Str: 20    XL:     12   Next: 78%
Magic:  0/26       EV: 11    Int: 13    God:    Zin [****..]
Gold:   430        SH: 11    Dex: 10    Spells: 11/11 levels left

rFire    . . .     SeeInvis .   b - +1 flail (freeze)
rCold    + + .     Gourm    .   k - +0 shield
rNeg     + . .     Faith    .   C - +2 scale mail {rC+}
rPois    ∞         Spirit   +   (no helmet)
rElec    +         Reflect  .   v - scarf {Spirit}
rCorr    .         Harm     .   a - +1 pair of gloves
MR       .....                  y - +1 pair of boots
Stlth    ..........             s - amulet of magic regeneration
Regen    0.3/turn               J - ring of protection from cold
MPRegen  0.3/turn               I - ring of magical power

@: about to teleport, flying
A: negative energy resistance 1, electricity resistance, unbreathing,
petrification resistance, rot immunity, AC +8
a: Recite, Vitalisation, Imprison, Donate Gold, Renounce Religion


You were in an ice cave.
You worshipped Zin.
Zin was greatly pleased with you.
You were hungry.

You visited 3 branches of the dungeon, and saw 13 of its levels.
You also visited: Ice Cave.

You collected 477 gold pieces.
You donated 47 gold pieces to Zin.

Inventory:

Hand Weapons
 b - a +1 flail of freezing (weapon)
Armour
 a - a +1 pair of gloves (worn)
 k - a +0 shield (worn)
 v - a scarf of spirit shield (worn)
 y - a +1 pair of boots (worn)
 C - a +2 scale mail of cold resistance (worn)
 G - a +0 large shield
 H - a scarf of repulsion
Jewellery
 h - an uncursed ring of positive energy
 s - an amulet of magic regeneration (around neck)
 I - a ring of magical power (right hand)
 J - a ring of protection from cold (left hand)
 N - a +3 ring of evasion
Wands
 c - a wand of flame (9/48)
 d - a wand of enslavement (8/24)
 n - a wand of scattershot (8/9)
 D - a wand of enslavement (9/24)
 F - a wand of acid (7/15)
Scrolls
 e - a scroll of fear
 g - 10 scrolls of remove curse
 m - 4 scrolls of magic mapping
 q - 3 scrolls of fog
 B - 6 scrolls of teleportation
 K - 5 scrolls of amnesia
 O - a scroll of recharging
 Q - a scroll of enchant armour
Potions
 j - 2 potions of flight
 l - 8 potions of curing
 p - a potion of might
 r - a potion of brilliance
 t - 4 potions of heal wounds
 u - 3 potions of haste
 w - 2 potions of resistance
 A - 3 potions of invisibility
 E - a potion of cancellation
 L - a potion of ambrosia
Comestibles
 f - 12 bread rations
 i - 6 royal jellies
 o - 4 fruits
 x - 2 chunks of flesh
 z - 3 meat rations


   Skills:
 * Level 11.4 Fighting
   Level 0.8 Short Blades
 * Level 10.7 Maces & Flails
 + Level 8.1 Armour
 + Level 6.2 Dodging
 - Level 1.1 Stealth
 + Level 8.1 Shields
 + Level 7.8 Invocations
 - Level 2.6 Evocations


You had 11 spell levels left.
You didn't know any spells.

Dungeon Overview and Level Annotations

Branches:
Dungeon (10/15)            Temple (1/1) D:4            Lair (2/6) D:10
 Shoals (0/4) Lair:2       Spider (0/4) Lair:2          Orc (0/2) D:10

Altars:
Ashenzari
Cheibriados
Dithmenos
Elyvilon
Fedhas
Gozag
Hepliaklqana
Kikubaaqudgha
Makhleb
Nemelex Xobeh
Okawaru
Qazlal
Ru
Sif Muna
Trog
Uskayaw
Vehumet
Xom
Yredelemnul
Zin
The Shining One

Shops:
D:6 :

Annotations:
D:10 Sonja; Velros's ghost, novice DECj


Innate Abilities, Weirdness & Mutations

You are resistant to torment.
Your stone body is resilient. (AC +8)
You are immune to poison.
You resist negative energy. (rN+)
You are resistant to electric shocks. (rElec)
You can survive without breathing.
You are immune to petrification.
You are immune to rotting.


Message History

The wolf moves out of view.
The polar bear moves out of view. 2 polar bears come into view.
As you read the scroll of teleportation, it crumbles to dust.
You feel strangely unstable.
The polar bear growls angrily.
The polar bear moves out of view.
You feel very buoyant.
You fly up into the air.
The wolf seems to regain its courage.
The wolf bites you.
* * * LOW MAGIC WARNING * * *
* * * LOW HITPOINT WARNING * * *
The wolf barely misses you.
Huge Dmg: -2%(-2hp) hp: 3%(2hp)
The wolf barely misses you. You block the wolf's attack.
The wolf barely misses you.
You closely miss the wolf. You block the wolf's attack.
The wolf bites you but does no damage.
The frost giant hits you with a battleaxe of freezing.
* * * LOW MAGIC WARNING * * *
You die...

.# .# #h#
##.. #.h#
#..# ## ##h#
#.## #hh#
#...# #@##
....##
#CY##.....##
##......Y..#
#.........#
##.........
#.........
#....###..
#...## .
#..##


You could see a frost giant, 3 polar bears, a yak and 2 wolves.

Vanquished Creatures
  Erolcha (D:9)
  3 two-headed ogres
  The ghost of manon the Chopper, a novice DsCK of Xom (D:6)
  An ice statue (IceCv)
  Joseph (D:7)
  4 spiny frogs
  A komodo dragon (D:10)
  A rime drake (Lair:1)
  7 polar bears (IceCv)
  2 trolls (D:10)
  Prince Ribbit (D:9)
  A hippogriff (Lair:2)
  4 blink frogs (Lair:1)
  A spriggan (D:7)
  3 basilisks
  A wraith (D:9)
  30 yaks
  4 wargs (D:10)
  2 water moccasins (Lair:1)
  3 porcupines
  An orc warrior (D:8)
  4 ice beasts
  2 sky beasts
  4 ogres
  The ghost of ceb the Chopper, an amateur DsGl (D:3)
  2 crocodiles
  4 centaurs
  4 wolves
  A big kobold (D:9)
  An elf zombie (D:8)
  Blork the orc (D:6)
  10 bullfrogs
  6 orc priests
  A gnoll sergeant (D:8)
  4 scorpions
  A troll zombie (D:8)
  5 wights
  16 killer bees (D:9)
  5 howler monkeys
  4 electric eels
  8 crimson imps
  2 bullfrog zombies (D:8)
  A jelly (D:6)
  8 hounds
  2 human zombies (D:8)
  4 bullfrog skeletons
  3 human skeletons (D:8)
  6 iguanas
  Ijyb (D:3)
  3 orc wizards
  6 worker ants
  A hound skeleton (D:8)
  3 mummies (D:8)
  4 gnolls
  A howler monkey skeleton (D:8)
  14 adders
  2 shadow imps
  An ooze (D:1)
  An adder zombie (D:9)
  2 worms
  3 dart slugs
  6 leopard geckos
  26 orcs
  A ball python (D:1)
  5 giant cockroaches
  7 goblins
  6 hobgoblins
  7 jackals
  10 kobolds
  8 quokkas
  A ball python zombie (D:6)
  8 bats
  5 frilled lizards
  A giant cockroach zombie (D:5)
  2 leopard gecko zombies
  A quokka zombie (D:5)
  6 rats
  A plant (Lair:1)
326 creatures vanquished.

Vanquished Creatures (collateral kills)
  An orc priest (D:4)
  An orc wizard (D:4)
  A worker ant (D:4)
  An orc (D:4)
4 creatures vanquished.

Vanquished Creatures (others)
  A centaur (D:8)
  3 plants
4 creatures vanquished.

Grand Total: 334 creatures vanquished

Notes
Turn   | Place    | Note
-------+----------+-------------------------------------------
     0 | D:1      | Monsterracer the Gargoyle Artificer began the quest for the Orb.
     0 | D:1      | Reached XP level 1. HP: 12/12 MP: 2/2
    74 | D:1      | Reached skill level 2 in Fighting
    74 | D:1      | Reached XP level 2. HP: 17/17 MP: 4/4
   216 | D:1      | Reached skill level 3 in Fighting
   224 | D:1      | Reached XP level 3. HP: 23/23 MP: 5/5
   856 | D:2      | HP: 11/23 [leopard gecko (3)]
  1224 | D:2      | Reached skill level 1 in Maces & Flails
  1230 | D:2      | Reached skill level 1 in Armour
  1230 | D:2      | Reached XP level 4. HP: 22/28 MP: 6/6
  1244 | D:2      | Reached skill level 1 in Shields
  1920 | D:3      | Reached XP level 5. HP: 19/33 MP: 5/7
  2106 | D:3      | Noticed ceb's ghost (amateur DsGl)
  2308 | D:3      | Noticed Ijyb
  2327 | D:3      | Killed Ijyb
  2395 | D:3      | Reached skill level 4 in Fighting
  2514 | D:3      | Killed ceb's ghost
  2514 | D:3      | Reached XP level 6. HP: 21/38 MP: 4/8
  2756 | D:3      | Found a sacrificial altar of Ru.
  2849 | D:4      | HP: 10/38 [orc priest/divine providence (13)]
  2862 | D:4      | HP: 2/39 [orc priest/divine providence (10)]
  3305 | D:4      | Found a staircase to the Ecumenical Temple.
  3457 | Temple   | Entered the Ecumenical Temple
  3488 | Temple   | Became a worshipper of Zin the Law-Giver
  3488 | Temple   | Reached * piety under Zin
  3561 | D:4      | Reached XP level 7. HP: 32/44 MP: 6/9
  3699 | D:4      | Found Woakerhefro's Assorted Antiques.
  3949 | D:5      | Entered Level 5 of the Dungeon
  4039 | D:5      | Reached skill level 1 in Invocations
  4099 | D:5      | Reached skill level 5 in Fighting
  4146 | D:5      | Reached XP level 8. HP: 39/49 MP: 10/10
  4490 | D:5      | Found a radiant altar of Vehumet.
  4624 | D:5      | Reached ** piety under Zin
  4870 | D:5      | Reached skill level 5 in Maces & Flails
  4945 | D:5      | Found an opulent altar of Gozag.
  4948 | D:5      | Found a burning altar of Makhleb.
  4951 | D:5      | Found a hide-covered altar of Uskayaw.
  5182 | D:6      | Noticed manon's ghost (novice DsCK)
  5226 | D:6      | HP: 25/50 [manon's ghost (1)]
  5235 | D:6      | Killed manon's ghost
  5235 | D:6      | Reached XP level 9. HP: 38/55 MP: 7/11
  5467 | D:6      | Found Geoptiurch's Armour Shop.
  5596 | D:6      | Found Mudoifful's Book Emporium.
  5895 | D:6      | Reached skill level 6 in Fighting
  6067 | D:6      | Noticed Blork the orc
  6098 | D:6      | Killed Blork the orc
  6098 | D:6      | Reached skill level 5 in Armour
  6230 | D:7      | Found a snail-covered altar of Cheibriados.
  6319 | D:7      | Noticed Joseph
  6337 | D:7      | Killed Joseph
  6620 | D:7      | Reached skill level 5 in Shields
  6880 | D:8      | Found a deep blue altar of Sif Muna.
  6936 | D:8      | Reached skill level 7 in Fighting
  6976 | D:8      | Reached XP level 10. HP: 40/63 MP: 13/13
  7171 | D:8      | HP: 30/63 [bullfrog skeleton (2)]
  7179 | D:9      | Noticed Prince Ribbit
  7211 | D:9      | HP: 28/63 [Prince Ribbit (5)]
  7212 | D:9      | Killed Prince Ribbit
  7425 | D:9      | Reached skill level 5 in Invocations
  7572 | D:9      | Reached *** piety under Zin
  7823 | D:9      | HP: 28/64 [wraith (6)]
  7824 | D:9      | Reached skill level 8 in Fighting
  8275 | D:9      | Found a shimmering altar of Xom.
  8280 | D:9      | Noticed a two-headed ogre
  8290 | D:9      | Killed a two-headed ogre
  8307 | D:9      | Noticed Erolcha
  8313 | D:9      | Killed Erolcha
  8464 | D:9      | Reached XP level 11. HP: 69/69 MP: 15/15
  8472 | D:9      | Reached skill level 5 in Dodging
  8475 | D:9      | Reached skill level 9 in Fighting
  8772 | D:9      | Found a glowing golden altar of the Shining One.
  9025 | D:8      | Reached **** piety under Zin
  9139 | D:8      | Noticed a two-headed ogre
  9168 | D:8      | Killed a two-headed ogre
  9681 | D:8      | Noticed a two-headed ogre
  9689 | D:8      | Killed a two-headed ogre
  9909 | D:8      | Found an ancient bone altar of Kikubaaqudgha.
 10536 | D:10     | Entered Level 10 of the Dungeon
 10639 | D:10     | HP: 35/72 [troll (6)]
 10812 | D:10     | Found a staircase to the Orcish Mines.
 10832 | D:10     | HP: 35/72 [warg (3)]
 10837 | D:10     | HP: 36/72 [warg (1)]
 11008 | D:10     | Found a hazy altar of Hepliaklqana.
 11123 | D:10     | Found a staircase to the Lair.
 11364 | D:10     | Reached skill level 10 in Fighting
 11365 | D:10     | Noticed Velros's ghost (novice DECj)
 11530 | D:10     | Noticed Sonja
 11691 | D:10     | Found a shimmering altar of Xom.
 11691 | D:10     | Found a shimmering altar of Xom.
 11692 | D:10     | Found a shimmering altar of Xom.
 11692 | D:10     | Found a shimmering altar of Xom.
 11875 | Lair:1   | Entered Level 1 of the Lair of Beasts
 12245 | Lair:1   | Reached XP level 12. HP: 71/78 MP: 17/17
 12490 | Lair:1   | HP: 37/78 [blink frog (9)]
 12502 | Lair:1   | HP: 38/78 [blink frog (2)]
 12512 | Lair:1   | HP: 27/78 [blink frog (6)]
 12530 | Lair:1   | HP: 18/79 [blink frog (5)]
 12911 | Lair:1   | Reached skill level 10 in Maces & Flails
 13638 | Lair:2   | Reached skill level 11 in Fighting
 13714 | Lair:2   | Found a frozen archway.
 13731 | IceCv    | Entered an ice cave
 13753 | IceCv    | HP: 40/80 [yak (5)]
 13762 | IceCv    | HP: 33/80 [yak (5)]
 13828 | IceCv    | HP: 34/80 [polar bear (8)]
 13834 | IceCv    | HP: 33/80 [polar bear (2)]
 13840 | IceCv    | HP: 22/80 [yak (1)]
 13845 | IceCv    | HP: 15/80 [yak (4)]
 13850 | IceCv    | HP: 31/80 [yak (6)]
 13855 | IceCv    | HP: 21/80 [yak (7)]
 14233 | IceCv    | HP: 39/80 [ice beast[an ice statue] (3)]
 14238 | IceCv    | HP: 34/80 [ice statue/bolt of cold (1)]
 14243 | IceCv    | HP: 27/80 [ice statue] (2)]
 14691 | IceCv    | HP: 29/80 [polar bear (14)]
 14696 | IceCv    | HP: 7/80 [polar bear (13)]
 14698 | IceCv    | HP: 2/80 [polar bear (6)]
 14711 | IceCv    | Noticed a frost giant
 14712 | IceCv    | HP: 1/80 [yak (4)]
 14724 | IceCv    | HP: 2/80 [wolf (2)]
 14727 | IceCv    | Slain by a frost giant

Skill      XL: |  1  2  3  4  5  6  7  8  9 10 11 12 |
---------------+-------------------------------------+-----
Fighting       | 2 3 4 5 7 8 10 11 | 11.4
Maces & Flails | 1 2 3 4 5 6 8 9 10 | 10.7
Armour         | 1 2 3 4 5 6 7 8 |  8.1
Shields        | 1 2 3 4 5 6 7 8 |  8.1
Dodging        | 2 3 4 5 6 |  6.2
Invocations    | 2 3 4 5 7 |  7.8
Short Blades   | |  0.8
Stealth        | |  1.1
Evocations     | |  2.6

Action                   |  1- 3 |  4- 6 |  7- 9 | 10-12 || total
-------------------------+-------+-------+-------+-------++-------
Melee: Short sword       |    25 |       |       |       ||    25
       Dagger            |    52 |   136 |       |       ||   188
       Flail             |       |    97 |   445 |  1273 ||  1815
Invok: Recite            |       |       |     6 |    11 ||    17
       Vitalisation      |       |       |       |     2 ||     2
Evoke: Wand              |       |     8 |       |     7 ||    15
  Use: Scroll            |       |    12 |     4 |    18 ||    34
       Potion            |       |       |       |     4 ||     4
 Stab: Sleeping          |     1 |       |       |       ||     1
  Eat: Chunk             |       |     8 |    11 |    23 ||    42
       Fruit             |       |       |     1 |     5 ||     6
Armor: Leather armour    |    27 |     3 |       |       ||    30
       Plate armour      |       |    90 |       |       ||    90
       Scale mail        |       |    72 |   255 |   729 ||  1056
Dodge: Dodged            |    33 |   127 |   183 |   621 ||   964
Block: Buckler           |       |    11 |    48 |       ||    59
       Shield            |       |       |    96 |   805 ||   901
